 Dungeon Crawl Stone Soup version 0.30.1-11-g7821555f0a (webtiles) character file.

Game seed: 2110831504206739291

2192 Acyn the Cleaver (level 9, -14/70 HPs)
             Began as a Minotaur Berserker on Dec 26, 2023.
             Was an Elder of Trog.
             Demolished by a large slime creature (39 damage)
             ... on level 7 of the Dungeon.
             The game lasted 01:03:51 (7825 turns).

Acyn the Cleaver (Minotaur Berserker)               Turns: 7825, Time: 01:03:52

Health: -14/70     AC:  3    Str: 25    XL:     9   Next: 12%
Magic:  8/8        EV:  9    Int:  4    God:    Trog [****..]
Gold:   370        SH:  0    Dex: 11    Spells: 8/8 levels left

rFire   . . .        a - +0 hand axe
rCold   . . .        (no shield)
rNeg    . . .        f - +0 chain mail
rPois   .            (helmet restricted)
rElec   .            (no cloak)
rCorr   .            k - +0 pair of gloves
SInv    .            A - +0 pair of boots
Will    .....        D - amulet of regeneration Stlth
                     (no ring)
HPRegen 1.11/turn    (no ring)
MPRegen 0.11/turn

%: no passive effects
@: corroded
A: horns 2, retaliatory headbutt
a: Renounce Religion, Berserk, Trog's Hand, Brothers in Arms


You were on level 7 of the Dungeon.
You worshipped Trog.
Trog was greatly pleased with you.
You visited 1 branch of the dungeon, and saw 7 of its levels.

You collected 370 gold pieces.

Inventory:

Hand Weapons
 a - a +0 hand axe (weapon)
Missiles
 e - 56 stones (quivered)
 n - 26 poisoned darts
 y - 2 boomerangs of dispersal
 F - 3 large rocks
Armour
 f - a +0 chain mail (worn)
 k - a +0 pair of gloves (worn)
 o - a +1 scale mail of positive energy
 A - a +0 pair of boots (worn)
 B - the +0 scale mail of Webiq {Drain Str+3 Int+7 Stlth+}
   (You found it on level 4 of the Dungeon)

   Str:       It affects your strength (+3).
   Int:       It affects your intelligence (+7).
   Drain:     It drains your maximum health when unequipped.
   Stlth:     It makes you more stealthy.
Jewellery
 b - a ring of protection from fire
 D - an amulet of regeneration (around neck)
Scrolls
 c - 3 scrolls of noise {unknown}
 d - 7 scrolls of identify {unknown}
 g - a scroll of enchant weapon {unknown}
 h - 4 scrolls of magic mapping {unknown}
 l - 5 scrolls of amnesia {unknown}
 m - a scroll of vulnerability {unknown}
 r - a scroll of acquirement {unknown}
 t - 2 scrolls of fog {unknown}
 u - 2 scrolls of teleportation {unknown}
 w - a scroll of blinking {unknown}
 C - 3 scrolls of poison {unknown}
Potions
 i - 3 potions of curing {unknown}
 j - 2 potions of magic {unknown}
 p - a potion of might {unknown}
 q - 2 potions of heal wounds {unknown}
 s - a potion of brilliance {unknown}
 v - a potion of haste {unknown}
 x - a potion of degeneration {unknown}
 E - 2 potions of attraction {unknown}


   Skills:
 - Level 3.6 Fighting
 + Level 14.6 Axes
 - Level 2.4 Armour
 - Level 2.1 Dodging


You had 8 spell levels left.
You didn't know any spells.
Your spell library contained the following spells:

 Spells                   Type           Power      Damage    Failure   Level
 Apportation              Tloc           0%         N/A       97%         1
 Necrotise                Necr           0%         1d4       97%         1
 Summon Small Mammal      Summ           0%         N/A       97%         1
 Ensorcelled Hibernation  Hex/Ice        0%         N/A       99%         2
 Passwall                 Tmut/Erth      0%         N/A       99%         2
 Call Canine Familiar     Summ           0%         N/A       100%        3
 Summon Guardian Golem    Hex/Summ       0%         N/A       100%        3
 Swiftness                Air            0%         N/A       100%        3


Dungeon Overview and Level Annotations

Branches:
Dungeon (7/15)             Temple (0/1) D:5

Altars:
Elyvilon
Fedhas
Kikubaaqudgha
Makhleb
Okawaru
Sif Muna
Trog
Uskayaw
Xom
Zin

Shops:
D:2 :   D:5 !


Innate Abilities, Weirdness & Mutations

You have a pair of horns on your head.
You reflexively headbutt those who attack you in melee.


Message History

The slime creature hits you! The slime creature barely misses you.
The slime creature hits you.
Two slime creatures merge to form a large slime creature.
The jelly attacks as you move away! The jelly hits you.
You are splashed with acid!
You hit the endoplasm but do no damage. You headbutt the endoplasm.
You kill the endoplasm!
Trog accepts your kill.
You slash the jelly!
Your hands burn!
The jelly is heavily wounded.
The jelly barely misses you.
You hit the jelly. The acid corrodes you!
Your hands burn!
The jelly is severely wounded.
The jelly closely misses you.
You hit the jelly.
Your hands burn!
The jelly is almost dead.
You hit the jelly.
You kill the jelly!
Trog accepts your kill.
You hit the jelly but do no damage.
Your hands burn!
You hit the jelly but do no damage.
Your hands burn!
The jelly hits you but does no damage.
You slash the jelly!
Your hands burn!
You headbutt the jelly.
The jelly is almost dead.
You hit the slime creature but do no damage.
You headbutt the slime creature.
The slime creature is lightly wounded.
Two slime creatures merge to form a large slime creature.
The slime creature quivers.
You hit the large slime creature but do no damage.
You headbutt the large slime creature, but do no damage.
The large slime creature is lightly wounded.
The large slime creature hits you!
You hit the large slime creature.
The large slime creature is lightly wounded.
You hit the large slime creature but do no damage.
The large slime creature is lightly wounded.
The large slime creature hits you!!!
Ouch! That really hurt!
You die...

########## !.÷......#
.....÷...# ..÷....P.#
### ÷.÷......# ..##..
.P..J....#######..#..#
....JJJJJ##..........#
#######.###..........#
##..).@J##
#..........+
#.########
#..........#
##..'..).#
#..........# ####....#
#..........# #.......#
##)#<......+ #.......#
#)###.....# #
#.......# #.# #.....#
# #.......#
#)###...).# #####
##.....## #.).......'


You could see a large slime creature and a jelly.

Vanquished Creatures
  Sigmund (D:4)
  Edmund (D:5)
  A water moccasin (D:7)
  Duvessa (D:4)
  2 ice beasts
  A black bear (D:6)
  2 sky beasts (D:7)
  2 kobold brigands (D:7)
  2 scorpions
  Dowan (D:4)
  A vampire bat (D:5)
  3 hounds
  4 jellies
  2 gnoll boudas (D:4)
  5 iguanas
  2 sleepcaps
  Terence (D:2)
  5 orc wizards
  8 gnolls (D:4)
  5 adders
  A shadow imp (D:6)
  A white imp (D:6)
  A dart slug (D:5)
  3 fire bats (D:5)
  10 orcs
  2 spectral bats (D:5)
  3 bat skeletons (D:5)
  A bat zombie (D:5)
  8 endoplasms
  4 giant cockroaches
  6 hobgoblins
  5 jackals
  7 quokkas
  3 ball pythons
  12 bats
  A bat simulacrum (D:5)
  2 frilled lizards
  A goblin (D:1)
  13 kobolds
  2 rats
136 creatures vanquished.

Notes
Turn   | Place    | Note
-------+----------+-------------------------------------------
     0 | D:1      | Acyn the Minotaur Berserker began the quest for the Orb.
     0 | D:1      | Reached XP level 1. HP: 19/19 MP: 0/0
     2 | D:1      | Noticed a troll
     2 | D:1      | Noticed a vine stalker
     4 | D:1      | Noticed a minotaur
     4 | D:1      | Noticed a demonspawn
     6 | D:1      | Noticed a draconian
     6 | D:1      | Noticed an ogre
     8 | D:1      | Noticed a tengu
     8 | D:1      | Noticed a meteoran
    10 | D:1      | Noticed an armataur
    10 | D:1      | Noticed a formicid
    12 | D:1      | Noticed an elf
    14 | D:1      | Noticed a spriggan
    14 | D:1      | Noticed a felid
    16 | D:1      | Noticed an octopode
    16 | D:1      | Noticed a gargoyle
    18 | D:1      | Noticed a demigod
    20 | D:1      | Noticed a naga
    20 | D:1      | Noticed a ghoul
    22 | D:1      | Noticed a vampire
    24 | D:1      | Noticed a formicid
    24 | D:1      | Noticed a human
    26 | D:1      | Noticed a demonspawn
    26 | D:1      | Noticed a vampire
   261 | D:1      | Found a faded altar of an unknown god.
   264 | D:1      | Noticed a shining eye
   271 | D:1      | Noticed an eye of devastation
   282 | D:1      | Reached skill level 4 in Axes
   325 | D:1      | Noticed a golden eye
   345 | D:1      | Noticed a great orb of eyes
   614 | D:1      | Reached XP level 2. HP: 26/26 MP: 1/1
  1123 | D:2      | Found Tozoc's Book Boutique.
  1172 | D:2      | Noticed a scorpion
  1180 | D:2      | Killed a scorpion
  1181 | D:2      | Reached skill level 6 in Axes
  1181 | D:2      | Reached XP level 3. HP: 31/31 MP: 2/2
  1181 | D:2      | Reached XP level 4. HP: 39/39 MP: 3/3
  1344 | D:2      | Noticed Terence
  1361 | D:2      | Killed Terence
  2403 | D:3      | Reached ** piety under Trog
  2448 | D:3      | Found a hide-covered altar of Uskayaw.
  2544 | D:3      | Found a shimmering altar of Xom.
  2701 | D:3      | Found a white marble altar of Elyvilon.
  2857 | D:4      | Reached skill level 7 in Axes
  2857 | D:4      | Reached XP level 5. HP: 36/45 MP: 4/4
  3000 | D:4      | Noticed Sigmund
  3005 | D:4      | Killed Sigmund
  3006 | D:4      | Reached skill level 8 in Axes
  3006 | D:4      | Reached XP level 6. HP: 51/51 MP: 5/5
  3129 | D:4      | Noticed Duvessa
  3129 | D:4      | Noticed Dowan
  3151 | D:4      | Killed Duvessa
  3152 | D:4      | Reached skill level 9 in Axes
  3156 | D:4      | Killed Dowan
  3157 | D:4      | Reached XP level 7. HP: 37/57 MP: 6/6
  3566 | D:4      | Found an iron altar of Okawaru.
  3679 | D:4      | Found a glowing silver altar of Zin.
  3742 | D:4      | Reached skill level 10 in Axes
  4605 | D:4      | Identified the +0 scale mail of Webiq {Drain Str+3 Int+7
                  | Stlth+}
  4927 | D:5      | Entered Level 5 of the Dungeon
  5218 | D:5      | Found a staircase to the Ecumenical Temple.
  5399 | D:5      | Noticed Edmund
  5410 | D:5      | Killed Edmund
  5411 | D:5      | Reached skill level 11 in Axes
  5490 | D:5      | Found Quitzun's Distillery.
  5880 | D:5      | Reached XP level 8. HP: 63/64 MP: 7/7
  6081 | D:6      | Reached skill level 12 in Axes
  6084 | D:6      | Reached *** piety under Trog
  6167 | D:6      | Found a shimmering blue altar of Sif Muna.
  6752 | D:6      | Found a blossoming altar of Fedhas.
  6753 | D:6      | Found a burning altar of Makhleb.
  7150 | D:7      | Found an ancient bone altar of Kikubaaqudgha.
  7169 | D:7      | Reached skill level 13 in Axes
  7412 | D:7      | Reached skill level 14 in Axes
  7636 | D:7      | Found a bloodstained altar of Trog.
  7703 | D:7      | Reached XP level 9. HP: 46/70 MP: 8/8
  7806 | D:7      | Reached **** piety under Trog
  7825 | D:7      | Demolished by a large slime creature

Illustrated notes

Levels and vault maps discovered:
D:1:      kb_arrival_jail, layout_basic, hellmonk_ecumenical_altar_watching_god,
          grunt_decor_junction, hangedman_abyss_or_decor_lesser_grid,
          minmay_misc_feat_columns
D:2:      mumra_celtic_spiral_tile, layout_rooms, serial_shops, shop,
          uniq_terence
D:3:      layout_basic, mainiacjoe_overflow_tiny_flanked, lemuel_doored_altar,
          lemuel_coloured_pillars_altar
D:4:      layout_rooms, zin_academy, okawaru_ov_weapons_minmay, hex_large,
          uniq_duvessa, uniq_sigmund
D:5:      layout_cave_pods, minmay_temple_entry_from_below_b, serial_shops,
          nicolae_shop_statue_plus, goddamned_bats, uniq_edmund
D:6:      layout_basic, kennysheep_mini, mainiacjoe_overflow_divided_tiny,
          abandoned_shop, dk_noncrumbling_2, minivault_19, grunt_ministairs_2
D:7:      cheibrodos_fertilizer, layout_basic, mainiacjoe_overflow_boulevard,
          mainiacjoe_overflow_24_doors, chequers_serial_rivers_small_b,
          uniq_prince_ribbit1, uniq_menkaure, uniq_crazy_yiuf_cottage

Skill      XL: |  1  2  3  4  5  6  7  8 |
---------------+-------------------------+-----
Axes           | 4 6 7 8 9 11 14 | 14.6
Fighting       | |  3.6
Armour         | |  2.4
Dodging        | |  2.1

Action                     |  1- 3 |  4- 6 |  7- 9 || total
---------------------------+-------+-------+-------++-------
  Melee: Hand axe          |    36 |    93 |   288 ||   417
         Headbutt          |     3 |    16 |    60 ||    79
         Punch             |       |       |     3 ||     3
  Throw: Stone             |     2 |     1 |       ||     3
 Invoke: Berserk           |     1 |     2 |     1 ||     4
 Armour: Chain mail        |    12 |    22 |   118 ||   152
  Dodge: Dodged            |    18 |    37 |   113 ||   168
